 Dungeon Crawl Stone Soup version 0.30.1-11-g7821555f0a (webtiles) character file.

Game seed: 7075557735499723441

2050 cdecastro the Basher (level 9, -4/71 HPs)
             Began as an Armataur Warper on Sept 6, 2023.
             Was a Believer of Okawaru.
             Succumbed to an orc warrior's poison
             ... on level 8 of the Dungeon on Dec 15, 2023.
             The game lasted 00:18:36 (7341 turns).

cdecastro the Basher (Armataur Warper)              Turns: 7341, Time: 00:18:37

Health: -4/71      AC:  9    Str: 19    XL:     9   Next: 4%
Magic:  11/11      EV:  9    Int: 15    God:    Okawaru [**....]
Gold:   200        SH:  0    Dex: 22    Spells: 2/11 levels left

rFire   . . .        a - +0 morningstar
rCold   + . .        (no shield)
rNeg    . . .        H - +4 ring mail {rC+}
rPois   .            (no helmet)
rElec   .            (no cloak)
rCorr   .            (no gloves)
SInv    .            (no barding)
Will    .....        (no amulet)
Stlth   +            n - +6 ring of dexterity
HPRegen 0.31/turn    c - +6 ring of dexterity
MPRegen 0.12/turn

%: roll
@: lethally poisoned (-4 -> -26)
A: large, rugged brown scales 3, deformed body, armoured tail, roll, long
tongue, awkward tongue
a: Renounce Religion, Heroism


You were on level 8 of the Dungeon.
You worshipped Okawaru.
Okawaru was pleased with you.
You visited 2 branches of the dungeon, and saw 9 of its levels.

You collected 365 gold pieces.
You spent 165 gold pieces at shops.

Inventory:

Hand Weapons
 a - a +0 morningstar (weapon)
 b - a +1 sling of draining
Missiles
 d - 7 boomerangs of dispersal
 h - 4 poisoned darts (quivered)
 x - 5 javelins
 D - a curare-tipped dart
 E - a silver boomerang
 F - a throwing net
Armour
 t - a +1 ring mail of positive energy
 H - a +4 ring mail of cold resistance (worn)
 I - a +2 hat
Jewellery
 c - a +6 ring of dexterity (right hand)
 f - a ring of willpower
 n - a +6 ring of dexterity (left hand)
 w - a ring of resist corrosion
 z - a ring of protection from cold
Scrolls
 e - 10 scrolls of identify
 l - 4 scrolls of fog {unknown}
 o - a scroll of poison {unknown}
 p - 3 scrolls of magic mapping
 q - a scroll of summoning {unknown}
 s - 3 scrolls of teleportation
 u - a scroll of immolation
 y - 2 scrolls of noise {unknown}
 A - a scroll of blinking
 B - a scroll of amnesia {unknown}
 C - a scroll of vulnerability {unknown}
Potions
 g - a potion of resistance
 i - 3 potions of attraction {unknown}
 j - 5 potions of curing
 k - 2 potions of brilliance
 m - 2 potions of degeneration
 r - a potion of lignification {unknown}
 v - a potion of ambrosia {unknown}
 G - a potion of cancellation {unknown}


   Skills:
 - Level 1.7 Fighting
 + Level 10.8 Maces & Flails
 - Level 0.8 Throwing
 - Level 1.2 Armour
 - Level 1.3 Dodging
 - Level 1.7 Spellcasting
 - Level 3.0 Translocations
 - Level 2.0 Invocations


You had 2 spell levels left.
You knew the following spells:

 Your Spells              Type           Power      Damage    Failure   Level
a - Blink                 Tloc           20%        N/A       17%         2
b - Portal Projectile     Hex/Tloc       10%        N/A       54%         3
c - Manifold Assault      Tloc           10%        N/A       75%         4

Your spell library contained the following spells:

 Spells                   Type           Power      Damage    Failure   Level
 Lesser Beckoning         Tloc           20%        N/A       17%         2
 Momentum Strike          Conj/Tloc      10%        3d8       32%         2
 Beastly Appendage        Tmut           2%         N/A       36%         1
 Magic Dart               Conj           4%         1d3       36%         1
 Searing Ray              Conj           2%         2d4       52%         2
 Sublimation of Blood     Necr           1%         N/A       52%         2
 Wereblood                Tmut           1%         N/A       52%         2
 Gell's Gravitas          Tloc           10%        N/A       34%         3
 Teleport Other           Tloc           10%        N/A       34%         3
 Vhi's Electric Charge    Tloc/Air       10%        N/A       54%         3
 Mephitic Cloud           Conj/Pois/Air  1%         N/A       75%         3
 Spider Form              Tmut/Pois      1%         N/A       75%         3
 Fulminant Prism          Conj/Hex       0%         3d5       98%         4
 Petrify                  Tmut/Erth      1%         N/A       98%         4
 Blade Hands              Tmut           0%         N/A       100%        5
 Irradiate                Conj/Tmut      0%         3d11      100%        5
 Call Imp                 Summ           Unusable   N/A       N/A         2
 Tukima's Dance           Hex            Unusable   N/A       N/A         3

Dungeon Overview and Level Annotations

Branches:
Dungeon (8/15)             Temple (1/1) D:4
   Lair: D:8-11

Altars:
Ashenzari
Dithmenos
Elyvilon
Fedhas
Gozag
Hepliaklqana
Makhleb
Nemelex Xobeh
Okawaru
Qazlal
Sif Muna
Trog
Uskayaw
Vehumet
Wu Jian
Xom
Zin
The Shining One

Shops:
D:3 ?   D:5 (


Innate Abilities, Weirdness & Mutations

You are completely covered in rugged brown scales. (AC +3, +7% HP)
Armour fits poorly on your strangely shaped body.
You have a long armoured tail.
You roll when moving toward enemies. (Rampage)
Your long tongue fully drains potion bottles. (2x potion effects)
Your tongue gives you trouble enunciating. (1.5x scroll delay)


Message History

You closely miss the orc warrior.
The orc warrior is heavily wounded.
You feel sick.
The orc warrior hits you with a +0 glaive of venom!
You are more poisoned.
You puncture the orc warrior!
The orc warrior is severely wounded.
You feel very sick. The orc warrior closely misses you.
You closely miss the orc warrior.
The orc warrior is severely wounded.
You feel very sick.
The orc warrior hits you with a +0 glaive of venom.
* * * LOW HITPOINT WARNING * * *
You hit the orc warrior but do no damage.
The orc warrior is severely wounded.
You feel sick. The orc warrior barely misses you.
You barely miss the orc warrior.
The orc warrior is severely wounded.
You feel very sick.
The orc warrior hits you with a +0 glaive of venom.
* * * LOW HITPOINT WARNING * * *
You are more poisoned.
You hit the orc warrior.
The orc warrior is almost dead.
You feel very sick.
The orc warrior hits you with a +0 glaive of venom!
* * * LOW HITPOINT WARNING * * *
You are more poisoned.
You thump the orc warrior!
You kill the orc warrior!
Okawaru accepts your kill.
* * * LOW HITPOINT WARNING * * *
You feel very sick.
You have reached level 9!
Your experience leads to an increase in your attributes!
Your base attributes are Str 19, Int 13, Dex 10.
Increase (S)trength, (I)ntelligence, or (D)exterity?
You feel clever. x2
You die...

#. ###.#.### #. #.
#....... #. #. #.#.#.#
#. #.###.....# #.#####
#....)....### #.....#
#.......<....
#.....#####.##.#.#.###
#..#...........#.#.~~
###...)@#####.####.#~~≈≈
#.....)...# #.# #+#.~≈≈
#.###)###.# #.# .### #
#.# .# #.. .# #.# # ###
.. #.# ... ... #.#


There were no monsters in sight!

Vanquished Creatures
  A hornet (D:7)
  Menkaure (D:7)
  An orc warrior (D:8)
  An ice beast (D:6)
  2 black bears
  2 ogres
  A sky beast (D:7)
  A centaur (D:8)
  A phantom (D:6)
  2 bullfrogs (D:6)
  A scorpion (D:6)
  2 hounds
  3 jellies
  8 orc priests
  An iguana (D:4)
  2 orc wizards (D:5)
  11 gnolls
  5 adders
  A shadow imp (D:6)
  2 white imps
  An ufetubus (D:5)
  3 worms
  4 dart slugs
  16 orcs
  5 ball pythons
  5 bats
  5 endoplasms (D:1)
  2 giant cockroaches
  9 goblins
  8 hobgoblins
  4 jackals (D:2)
  8 kobolds
  2 quokkas
  3 training dummies (D:5)
  4 frilled lizards
  4 rats
132 creatures vanquished.

Notes
Turn   | Place    | Note
-------+----------+-------------------------------------------
     0 | D:1      | cdecastro the Armataur Warper began the quest for the Orb.
     0 | D:1      | Reached XP level 1. HP: 18/18 MP: 3/3
   106 | D:1      | Reached skill level 2 in Maces & Flails
   160 | D:1      | Reached XP level 2. HP: 25/25 MP: 4/4
   359 | D:1      | Reached skill level 3 in Maces & Flails
   375 | D:1      | Reached XP level 3. HP: 3/31 MP: 5/5
   488 | D:1      | Upgraded the game from 0.30.1-4-g462c640d31 to
                  | 0.30.1-11-g7821555f0a
  1198 | D:2      | Reached XP level 4. HP: 33/38 MP: 6/6
  1201 | D:2      | Reached skill level 4 in Maces & Flails
  1771 | D:3      | Found a faded altar of an unknown god.
  1771 | D:3      | You fall into a shaft and drop 2 floors!
  1771 | D:5      | Entered Level 5 of the Dungeon
  2130 | D:6      | Reached XP level 5. HP: 42/43 MP: 7/7
  2387 | D:4      | Found a staircase to the Ecumenical Temple.
  2392 | D:4      | Reached skill level 5 in Maces & Flails
  2402 | Temple   | Entered the Ecumenical Temple
  2570 | Temple   | Became a worshipper of Warmaster Okawaru
  2620 | D:4      | Noticed an ogre
  2698 | D:4      | Killed an ogre
  2699 | D:4      | Reached XP level 6. HP: 30/51 MP: 8/8
  2924 | Temple   | Reached skill level 6 in Maces & Flails
  3504 | D:3      | Found Hoafuf's Magic Scroll Emporium.
  3507 | D:3      | Bought a scroll of magic mapping for 75 gold pieces
  3507 | D:3      | Bought a scroll of teleportation for 30 gold pieces
  3507 | D:3      | Bought a scroll of immolation for 40 gold pieces
  3507 | D:3      | Bought a scroll of identify for 20 gold pieces
  3852 | D:4      | Found a white marble altar of Elyvilon.
  3853 | D:4      | Found a glowing silver altar of Zin.
  3853 | D:4      | Found a glowing golden altar of the Shining One.
  3954 | D:4      | Reached * piety under Okawaru
  4423 | D:5      | Reached skill level 7 in Maces & Flails
  4472 | D:5      | Found a radiant altar of Vehumet.
  4518 | D:5      | Reached XP level 7. HP: 46/56 MP: 9/9
  4522 | D:5      | Reached skill level 1 in Invocations
  4618 | D:5      | Identified the +3 ring mail of Perfidy {+Inv rElec Will-
                  | Int-4}
  4641 | D:5      | Found a burning altar of Makhleb.
  4729 | D:5      | Found Nyczon's Firing Range.
  5708 | D:6      | Found a broken altar of Ashenzari.
  5856 | D:6      | Reached skill level 8 in Maces & Flails
  5896 | D:6      | Reached ** piety under Okawaru
  5922 | D:6      | Reached XP level 8. HP: 64/64 MP: 10/10
  6190 | D:6      | Reached skill level 9 in Maces & Flails
  6282 | D:6      | Found an opulent altar of Gozag.
  6479 | D:7      | Noticed Menkaure
  6492 | D:7      | Killed Menkaure
  6654 | D:7      | Noticed a hornet
  6660 | D:7      | Paralysed by a hornet for 1 turns
  6665 | D:7      | Paralysed by a hornet for 3 turns
  6673 | D:7      | Paralysed by a hornet for 3 turns
  6678 | D:7      | Killed a hornet
  6679 | D:7      | Reached skill level 10 in Maces & Flails
  6808 | D:7      | Learned a level 2 spell: Blink
  6812 | D:7      | Learned a level 3 spell: Portal Projectile
  6817 | D:7      | Learned a level 4 spell: Manifold Assault
  7340 | D:8      | HP: 2/64 [poisoned by an orc warrior]
  7341 | D:8      | Reached XP level 9. HP: 2/71 MP: 11/11
  7341 | D:8      | Succumbed to an orc warrior's poison

Illustrated notes

Levels and vault maps discovered:
D:1:      scummos_arrival_hexagon, layout_loops_ring
D:2:      layout_rooms, serial_bayou_pond_a
D:3:      layout_rooms, serial_shops, nicolae_shop_rolled_up,
          basic_ecumenical_altar, chequers_garden
D:4:      layout_loops_ring, dreamdust_divine_triumvirate,
          minmay_temple_entry_stoned_glass, dreamdust_princess_bridge
D:5:      layout_basic, kennysheep_mini_moat, nicolae_vehumet_radiance,
          nicolae_shop_firing_range
D:6:      layout_loops_ring, ashenzari_conservatory_becter,
          nicolae_gozag_seed_capital, kennysheep_potato
D:7:      layout_basic, feat_on_display, uniq_menkaure
D:8:      layout_loops_corners, serial_ice, serial_ice_c, serial_ice_a,
          serial_ice_l, serial_ice_n, serial_ice_d, serial_ice_o, uniq_maurice
Temple:   grunt_temple_mini_profane

Skill      XL: |  1  2  3  4  5  6  7  8 |
---------------+-------------------------+-----
Maces & Flails | 2 3 4 5 7 8 10 | 10.8
Invocations    | 2 |  2.0
Fighting       | |  1.7
Throwing       | |  0.8
Armour         | |  1.2
Dodging        | |  1.3
Spellcasting   | |  1.7
Translocations | |  3.0

Action                     |  1- 3 |  4- 6 |  7- 9 || total
---------------------------+-------+-------+-------++-------
  Melee: Mace              |    93 |   114 |       ||   207
         Tailslap          |    10 |    23 |    25 ||    58
         Flail             |       |    38 |     4 ||    42
         Punch             |       |     3 |     4 ||     7
         Morningstar       |       |       |   174 ||   174
   Fire: Sling             |       |    12 |    42 ||    54
 Invoke: Heroism           |       |       |     2 ||     2
    Use: Scroll            |       |     6 |       ||     6
         Potion            |       |     1 |       ||     1
 Armour: Leather armour    |    22 |       |       ||    22
         Ring mail         |     7 |    50 |    80 ||   137
  Dodge: Dodged            |    38 |    64 |    73 ||   175
